 Dungeon Crawl Stone Soup version 0.27.1-1-g398f81649c (webtiles) character file.

Game seed: 3831748862042819526

99 MisterFreud the Spear-Bearer (level 4, 0/34 HPs)
             Began as a Gnoll Wanderer on Sept 20, 2021.
             Was a Follower of Fedhas.
             Slain by an orc priest (4 damage)
             ... on level 3 of the Dungeon.
             The game lasted 00:04:05 (3967 turns).

MisterFreud the Spear-Bearer (Gnoll Wanderer)       Turns: 3967, Time: 00:04:06

Health: 0/34       AC:  5    Str: 11    XL:     4   Next: 72%
Magic:  5/5        EV: 13    Int: 13    God:    Fedhas [*.....]
Gold:   135        SH:  5    Dex: 11    Spells: 5/5 levels left

rFire    . . .     SeeInvis .   a - +0 short sword
rCold    . . .     Faith    .   c - +0 buckler
rNeg     + . .     Spirit   .   b - +2 leather armour
rPois    +         Reflect  .   (no helmet)
rElec    .         Harm     .   (no cloak)
rCorr    .         Rampage  .   (no gloves)
Will     .....                  (no boots)
Stlth    +.........             (no amulet)
HPRegen  0.11/turn              l - ring of poison resistance
MPRegen  0.09/turn              o - ring of positive energy

@: no status effects
A: fangs 1, strong nose, distributed training
a: Renounce Religion


You were on level 3 of the Dungeon.
You worshipped Fedhas.
Fedhas was aware of your devotion.
You visited 1 branch of the dungeon, and saw 3 of its levels.

You collected 135 gold pieces.

Inventory:

Hand Weapons
 a - a +0 short sword (weapon)
 k - a +1 dagger of holy wrath
Armour
 b - a +2 leather armour (worn)
 c - a +0 buckler (worn)
 p - a +0 chain mail
Jewellery
 l - a ring of poison resistance (left hand)
 o - a ring of positive energy (right hand)
 t - a ring of wizardry
Scrolls
 d - a scroll of silence {unknown}
 f - 2 scrolls of magic mapping {unknown}
 g - a scroll of brand weapon {unknown}
 j - a scroll of vulnerability {unknown}
 m - a scroll of summoning {unknown}
 n - 3 scrolls of identify {unknown}
 u - a scroll of fear {unknown}
Potions
 e - 2 potions of brilliance {unknown}
 h - a potion of invisibility {unknown}
 i - a potion of resistance {unknown}
 q - a potion of haste {unknown}
 r - a potion of berserk rage {unknown}
 s - a potion of heal wounds {unknown}


   Skills:
 + Level 2.8 Fighting
 + Level 1.2 Short Blades
 + Level 1.2 Long Blades
 + Level 1.2 Axes
 + Level 1.2 Maces & Flails
 + Level 8.6 Polearms
 + Level 1.2 Staves
 + Level 1.2 Slings
 + Level 1.2 Bows
 + Level 1.2 Crossbows
 + Level 1.2 Throwing
 + Level 1.2 Armour
 + Level 6.6 Dodging
 + Level 1.2 Stealth
 + Level 4.7 Shields
 + Level 1.2 Unarmed Combat
 + Level 1.2 Spellcasting
 + Level 1.0 Conjurations
 + Level 1.0 Hexes
 + Level 1.0 Summonings
 + Level 1.0 Necromancy
 + Level 1.0 Translocations
 + Level 1.0 Transmutations
 + Level 1.0 Fire Magic
 + Level 1.0 Ice Magic
 + Level 1.0 Air Magic
 + Level 1.0 Earth Magic
 + Level 1.0 Poison Magic
 + Level 1.3 Invocations
 + Level 1.2 Evocations


You had 5 spell levels left.
You didn't know any spells.
Your spell library was empty.

Dungeon Overview and Level Annotations

Branches:
Dungeon (3/15)

Altars:
Fedhas


Innate Abilities, Weirdness & Mutations

You have very sharp teeth.
Your uncanny sense of smell can sniff out nearby items.
Your experience applies equally to all skills.


Message History

* * * LOW HITPOINT WARNING * * *
You hit the orc priest.
The orc priest is heavily wounded.
The orc priest hits you but does no damage.
You aren't carrying any items that you can evoke.
Unknown command.
Unknown command.
Okay, then.
You hit the orc priest but do no damage.
The orc priest is heavily wounded.
The orc priest hits you but does no damage.
You hit the orc priest.
The orc priest is severely wounded.
The orc priest barely misses you.
You hit the orc priest but do no damage.
You bite the orc priest, but do no damage.
The orc priest is severely wounded.
The orc priest hits you with a +0 dagger.
* * * LOW HITPOINT WARNING * * *
You barely miss the orc priest.
The orc priest is severely wounded.
The orc priest hits you but does no damage.
You barely miss the orc priest.
The orc priest is severely wounded.
You block the orc priest's attack.
You hit the orc priest but do no damage.
You bite the orc priest.
The orc priest is severely wounded.
The orc priest misses you.
You closely miss the orc priest.
The orc priest is severely wounded.
A bat comes into view.
The orc priest hits you with a +0 dagger.
* * * LOW HITPOINT WARNING * * *
The orc priest hits you but does no damage.
You hit the orc priest.
The orc priest is almost dead.
The orc priest hits you with a +0 dagger.
You die...
Fedhas appreciates your contribution to the ecosystem.

∆
#....###.........#########.#
#......###......##.........#
##.###...###.......#########
#.. ###.....#.##### #..
###...#)# ... ∆###b..# #...
###.....# #. ###....##.#
#...)o@##.# ........#)# .
#.##....#... .#
....#######o.#. ###. .#.. .
#. # .


You could see an orc priest and a bat.

Vanquished Creatures
  3 adders (D:2)
  4 worms (D:2)
  2 dart slugs
  An orc (D:3)
  5 ball pythons
  3 endoplasms
  2 giant cockroaches (D:1)
  6 goblins
  3 hobgoblins (D:1)
  4 jackals (D:1)
  6 kobolds
  5 bats
  5 frilled lizards
  5 rats
54 creatures vanquished.

Notes
Turn   | Place    | Note
-------+----------+-------------------------------------------
     0 | D:1      | MisterFreud the Gnoll Wanderer began the quest for the Orb.
     0 | D:1      | MisterFreud set off with the following items: a +0 short
                  | sword, a +2 leather armour, a +0 buckler
     0 | D:1      | Reached XP level 1. HP: 17/17 MP: 1/1
   330 | D:1      | Reached XP level 2. HP: 18/23 MP: 2/2
   900 | D:1      | Reached XP level 3. HP: 25/28 MP: 3/3
  1468 | D:2      | Reached skill level 1 in Invocations
  1551 | D:2      | Found a faded altar of an unknown god.
  1559 | D:2      | Reached skill level 1 in Short Blades
  1559 | D:2      | Reached skill level 1 in Long Blades
  1559 | D:2      | Reached skill level 1 in Axes
  1559 | D:2      | Reached skill level 1 in Maces & Flails
  1559 | D:2      | Reached skill level 1 in Staves
  1559 | D:2      | Reached skill level 1 in Slings
  1559 | D:2      | Reached skill level 1 in Bows
  1559 | D:2      | Reached skill level 1 in Crossbows
  1559 | D:2      | Reached skill level 1 in Throwing
  1559 | D:2      | Reached skill level 1 in Armour
  1559 | D:2      | Reached skill level 1 in Stealth
  1559 | D:2      | Reached skill level 1 in Unarmed Combat
  1559 | D:2      | Reached skill level 1 in Spellcasting
  1559 | D:2      | Reached skill level 1 in Evocations
  1571 | D:2      | Became a worshipper of Fedhas Madash
  1571 | D:2      | Reached * piety under Fedhas
  2071 | D:2      | Reached XP level 4. HP: 31/34 MP: 5/5
  3340 | D:2      | Reached skill level 1 in Conjurations
  3340 | D:2      | Reached skill level 1 in Hexes
  3340 | D:2      | Reached skill level 1 in Summonings
  3340 | D:2      | Reached skill level 1 in Necromancy
  3340 | D:2      | Reached skill level 1 in Translocations
  3340 | D:2      | Reached skill level 1 in Transmutations
  3340 | D:2      | Reached skill level 1 in Fire Magic
  3340 | D:2      | Reached skill level 1 in Ice Magic
  3340 | D:2      | Reached skill level 1 in Air Magic
  3340 | D:2      | Reached skill level 1 in Earth Magic
  3340 | D:2      | Reached skill level 1 in Poison Magic
  3967 | D:3      | Slain by an orc priest

Illustrated notes

Levels and vault maps discovered:
D:1:      dpeg_cavernosity, layout_basic, fountainhead, minmay_misc_feat_tiny
D:2:      layout_loops_corners, hellmonk_ecumenical_altar_inner_sanctum
D:3:      layout_loops_corners, gammafunk_ghost_mausoleum, minmay_unequal

Skill      XL: |  1  2  3  4 |
---------------+-------------+-----
Invocations    | 1 |  1.3
Short Blades   | 1 |  1.2
Long Blades    | 1 |  1.2
Axes           | 1 |  1.2
Maces & Flails | 1 |  1.2
Staves         | 1 |  1.2
Slings         | 1 |  1.2
Bows           | 1 |  1.2
Crossbows      | 1 |  1.2
Throwing       | 1 |  1.2
Armour         | 1 |  1.2
Stealth        | 1 |  1.2
Unarmed Combat | 1 |  1.2
Spellcasting   | 1 |  1.2
Evocations     | 1 |  1.2
Conjurations   | 1 |  1.0
Hexes          | 1 |  1.0
Summonings     | 1 |  1.0
Necromancy     | 1 |  1.0
Translocations | 1 |  1.0
Transmutations | 1 |  1.0
Fire Magic     | 1 |  1.0
Ice Magic      | 1 |  1.0
Air Magic      | 1 |  1.0
Earth Magic    | 1 |  1.0
Poison Magic   | 1 |  1.0
Fighting       | |  2.8
Polearms       | |  8.6
Dodging        | |  6.6
Shields        | |  4.7

Action                   |  1- 3 |  4- 6 || total
-------------------------+-------+-------++-------
Melee: Short sword       |   186 |   118 ||   304
       Bite              |    12 |    13 ||    25
 Stab: Sleeping          |     3 |     2 ||     5
Armor: Leather armour    |    41 |    24 ||    65
Dodge: Dodged            |    98 |    63 ||   161
Block: Buckler           |    48 |    22 ||    70
